 Dungeon Crawl Stone Soup version 0.32-a0-711-g016ad743e0 (webtiles) character file.

Game seed: 9742348232655933762

149 Fegelein the Slasher (level 5, -2/42 HPs)
             Began as a Barachi Fighter on Mar 16, 2024.
             Slain by an iguana (7 damage)
             ... on level 4 of the Dungeon.
             The game lasted 00:32:21 (2438 turns).

Fegelein the Slasher (Barachi Fighter)              Turns: 2438, Time: 00:32:22

Health: -2/42      AC:  7    Str: 19    XL:     5   Next: 31%
Magic:  5/5        EV:  8    Int:  8    God:
Gold:   90         SH:  4    Dex: 12    Spells: 1/4 levels left

rFire   . . .        a - +1 long sword
rCold   . . .        c - +0 buckler
rNeg    . . .        b - +0 scale mail
rPois   .            (no helmet)
rElec   .            (no cloak)
rCorr   .            (no gloves)
SInv    .            (no boots)
Will    .....        (no amulet) Stlth
                     (no ring)
HPRegen 0.27/turn    (no ring)
MPRegen 0.09/turn

%: no passive effects
@: mighty, about to teleport, slow
A: amphibious, slowness 1, strong legs 1, +LOS
a: Hop


You were on level 4 of the Dungeon.
You visited 1 branch of the dungeon, and saw 4 of its levels.

You collected 90 gold pieces.

Inventory:

Hand Weapons
 a - a +1 long sword (weapon)
 e - a +0 short sword
 f - a +2 dagger of freezing
 g - a +0 dagger
 i - a +0 dagger
 j - a +0 sling
Missiles
 h - a javelin (quivered)
 k - 8 poisoned darts
Armour
 b - a +0 scale mail (worn)
 c - a +0 buckler (worn)
 p - a +0 ring mail
Scrolls
 m - 2 scrolls of teleportation
 n - a scroll of fear
Potions
 d - a potion of might
 l - a potion of lignification


   Skills:
 + Level 4.0 Fighting
 + Level 4.6 Long Blades
 + Level 1.7 Throwing
 + Level 4.2 Armour
 + Level 0.4 Dodging
 + Level 3.9 Shields


You had one spell level left.
You knew the following spells:

 Your Spells              Type           Power      Damage    Failure   Level
a - Sigil of Binding      Hex            0%         N/A       99%         3

Your spell library contained the following spells:

 Spells                   Type           Power      Damage    Failure   Level
 Death Channel            Necr           0%         N/A       100%        6
 Sculpt Simulacrum        Ice/Alch       0%         N/A       100%        6
 Haunt                    Necr/Summ      0%         N/A       100%        7
 Borgnjor's Revivificati  Necr           0%         N/A       100%        8
 Death's Door             Necr           0%         N/A       100%        9


Dungeon Overview and Level Annotations

Branches:
Dungeon (4/15)
 Temple: D:4-7

Altars:


Innate Abilities, Weirdness & Mutations

You are amphibious.
You cover ground slowly.
You can hop short distances.
You have an extended range of vision and can be seen from far away.


Message History

You feel better.
The iguana hisses menacingly.
The iguana bites you but does no damage.
The orc hits you with a +0 war axe.
* * * LOW HITPOINT WARNING * * *
You hear some strange, mumbled words.
Something tries to affect you, but you resist.
The kobold hits you but does no damage.
You cannot teleport because you are held in place by your roots.
You feel better.
Reactivating autopickup.
An orc wizard appears from thin air!
The iguana bites you! You block the orc's attack.
The orc wizard hits you with a +0 dagger.
* * * LOW HITPOINT WARNING * * *
The kobold hits you but does no damage.
You slash the orc wizard!
The orc wizard is almost dead.
You feel less wooden.
Your +0 scale mail unmelds from your body.
You block the iguana's attack. The orc hits you with a +0 war axe.
* * * LOW HITPOINT WARNING * * *
The orc wizard hits you with a +0 dagger.
* * * LOW HITPOINT WARNING * * *
The kobold barely misses you. The orc hits you but does no damage.
The kobold hits you with a +0 club.
* * * LOW HITPOINT WARNING * * *
The orc wizard hits you with a +0 dagger.
* * * LOW HITPOINT WARNING * * *
The iguana bites you but does no damage.
You slash the orc wizard!
You kill the orc wizard!
You block the kobold's attack. The orc completely misses you.
The iguana bites you but does no damage.
Your Fighting skill increases to level 4!
As you read the scroll of teleportation, it crumbles to dust.
You feel strangely unstable. The kobold hits you with a +0 club.
* * * LOW HITPOINT WARNING * * *
The iguana bites you!
You die...

.## ..# ... ###
##.. # ....
##.##...
.......#...... ###
.......#[....##....
#... ............#
#.... .........##.
#..... #lo........
##.....##K@........
.....(.(.).........
[#########.##......
#.# ..... #.. ....
#... ... ^... ..
#.### . #.#


You could see an iguana, an orc and a kobold.

Vanquished Creatures
  A bombardier beetle (D:3)
  An orc wizard (D:4)
  4 adders
  2 dart slugs (D:1)
  4 orcs
  3 ball pythons
  5 endoplasms
  3 giant cockroaches
  A goblin (D:3)
  8 hobgoblins
  3 bats
  2 frilled lizards
  3 kobolds
  3 rats
43 creatures vanquished.

Notes
Turn   | Place    | Note
-------+----------+-------------------------------------------
     0 | D:1      | Fegelein the Barachi Fighter began the quest for the Orb.
     0 | D:1      | Reached XP level 1. HP: 18/18 MP: 1/1
   271 | D:1      | Reached XP level 2. HP: 25/25 MP: 2/2
  1295 | D:2      | Reached XP level 3. HP: 28/30 MP: 3/3
  1958 | D:3      | Reached skill level 1 in Throwing
  1958 | D:3      | Reached XP level 4. HP: 36/37 MP: 4/4
  2192 | D:3      | Learned a level 3 spell: Sigil of Binding
  2413 | D:4      | Reached XP level 5. HP: 42/42 MP: 5/5
  2438 | D:4      | Slain by an iguana

Illustrated notes

Levels and vault maps discovered:
D:1:      mainiacjoe_arrival_oval_in_oval, layout_loops_corners
D:2:      layout_basic
D:3:      layout_rooms, minivault_14, minmay_surrounded
D:4:      minmay_clustersquares, layout_cave_pools,
          mainiacjoe_overflow_concentric_impassable, lemuel_tele_altar,
          serial_shops, nicolae_shop_statue_plus, solitary_fountain,
          uniq_menkaure, uniq_crazy_yiuf_cottage

Skill      XL: |  1  2  3  4  5 |
---------------+----------------+-----
Armour         | 4 |  4.2
Long Blades    | 3 4 |  4.6
Throwing       | 1 |  1.7
Fighting       | 4 |  4.0
Dodging        | |  0.4
Shields        | |  3.9

Action                     |  1- 3 |  4- 6 || total
---------------------------+-------+-------++-------
  Melee: Long sword        |    96 |    43 ||   139
  Throw: Stone             |    13 |    10 ||    23
         Javelin           |     1 |     6 ||     7
    Use: Potion            |     5 |     5 ||    10
         Scroll            |     4 |     1 ||     5
 Armour: Scale mail        |    61 |    38 ||    99
         Skin              |       |    56 ||    56
  Dodge: Dodged            |    34 |    24 ||    58
  Block: Buckler           |    25 |    13 ||    38

Table legend: (Time is in decaauts)
 A = Elapsed time spent in this place.
 B = Non-inter-level travel time spent in this place.
 C = Inter-level travel time spent in this place.
 D = Time resting spent in this place.
 E = Time spent auto-exploring this place.
 F = Levels seen in this place.
 G = Mean time per level.
                   A        B        C        D        E       F      G
               +--------+--------+--------+--------+--------+-----+--------+
         Total |   2917 |   2896 |     21 |      0 |      0 |   4 |  729.2 |
       Dungeon |   2917 |   2896 |     21 |      0 |      0 |   4 |  729.2 |
               +--------+--------+--------+--------+--------+-----+--------+

Top non-repeatable levels by time:
     D:1: 1162 daAuts
     D:2: 996 daAuts
     D:3: 717 daAuts
     D:4: 40 daAuts
